[Event "ICC tourney 2482 (75 10)"]
[Site "Internet Chess Club"]
[Date "2021.03.28"]
[Round "6"]
[White "GUILLEMETTE, HUGO:Heliosis"]
[Black "JOSEPH BENHER, SAVIO Bennihyn:savchess06"]
[Result "0-1"]
[ICCResult "White resigns"]
[WhiteElo "1915"]
[BlackElo "2096"]
[Opening "French: advance, Euwe variation"]
[ECO "C02"]
[NIC "FR.03"]
[Time "19:02:01"]
[PlyCount "56"]
[TimeControl "4500+10"]

1. e4 e6 2. d4 d5 3. e5 c5 4. c3 Nc6 5. Nf3 Bd7 6. Be2 Nge7 7. Na3 cxd4 8.
cxd4 Nf5 9. Nc2 Be7 10. Kf1 h5 11. h4 Qb6 12. b3 Rc8 13. Be3 Nb4 14. Nxb4
Qxb4 15. Rc1 O-O 16. g3 Nxe3+ 17. fxe3 Qa3 18. Rc2 Rxc2 19. Qxc2 Rc8 20.
Qd2 Bb4 21. Qd3 Rc3 22. Rh2 Rxd3 23. Bxd3 Qc1+ 24. Kf2 a6 25. Rg2 Bb5 26.
Bxb5 axb5 27. g4 hxg4 28. Rxg4 Qc2+ { White resigns } 0-1

[Event "ICC tourney 2482 (75 10)"]
[Site "Internet Chess Club"]
[Date "2021.03.28"]
[Round "6"]
[White "HEBDEN, MARK L:mhebden"]
[Black "VAKHIDOV, JAKHONGIR:TjkTiger"]
[Result "1/2-1/2"]
[ICCResult "Game drawn by mutual agreement"]
[WhiteElo "2503"]
[BlackElo "2610"]
[Opening "Trompowsky attack (Ruth, Opocenský opening)"]
[ECO "A45"]
[NIC "QP.07"]
[Time "19:02:34"]
[PlyCount "87"]
[TimeControl "4500+10"]

1. d4 Nf6 2. Bg5 d5 3. e3 c5 4. c3 Nc6 5. Bxf6 gxf6 6. dxc5 a5 7. Bb5 e6 8.
b4 Bd7 9. Nf3 axb4 10. Bxc6 Bxc6 11. cxb4 b6 12. O-O bxc5 13. bxc5 Bb5 14.
Re1 Bxc5 15. Nc3 Bc4 16. Nd2 Bb4 17. Qc2 Qa5 18. Nxc4 dxc4 19. Rec1 Bxc3
20. Qxc3 Qxc3 21. Rxc3 Ra4 22. Rac1 Rxa2 23. Rxc4 O-O 24. g3 f5 25. Kg2
Rfa8 26. g4 fxg4 27. Rxg4+ Kf8 28. Rh4 Kg7 29. Kf3 R8a5 30. Rg1+ Kf8 31.
Rf4 R2a4 32. h4 Rxf4+ 33. Kxf4 Rf5+ 34. Kg3 Rf6 35. Ra1 Rg6+ 36. Kh3 Rf6
37. f4 e5 38. Kg4 exf4 39. exf4 Rg6+ 40. Kf5 Kg7 41. h5 Rf6+ 42. Kg5 h6+
43. Kg4 Rb6 44. Rg1 { Game drawn by mutual agreement } 1/2-1/2

[Event "ICC tourney 2482 (75 10)"]
[Site "Internet Chess Club"]
[Date "2021.03.28"]
[Round "6"]
[White "ZHANG, SAMUEL:lmperatorX"]
[Black "YERRA, SAI SNEHA:saisneha"]
[Result "1/2-1/2"]
[ICCResult "Game drawn by repetition"]
[WhiteElo "2113"]
[BlackElo "1901"]
[Opening "Giuoco Piano"]
[ECO "C54"]
[NIC "IG.02"]
[Time "19:02:01"]
[PlyCount "57"]
[TimeControl "4500+10"]

1. e4 e5 2. Nf3 Nc6 3. Bc4 Bc5 4. c3 Nf6 5. d3 d6 6. O-O O-O 7. Nbd2 Qe7 8.
b4 Bb6 9. a4 a6 10. Ba3 Be6 11. Bxe6 fxe6 12. Nc4 Ba7 13. b5 axb5 14. axb5
Nd8 15. b6 Bxb6 16. Nxb6 cxb6 17. Bxd6 Rxa1 18. Bxe7 Rxd1 19. Rxd1 Re8 20.
Bxd8 Rxd8 21. Nxe5 Nxe4 22. c4 Nc3 23. Ra1 g6 24. Kf1 b5 25. Ra3 Nb1 26.
Ra1 Nc3 27. Ra3 Nb1 28. Ra1 Nc3 29. Ra3 { Game drawn by repetition }
1/2-1/2

[Event "ICC tourney 2482 (75 10)"]
[Site "Internet Chess Club"]
[Date "2021.03.28"]
[Round "6"]
[White "TANG, ZOEY:WonderZ"]
[Black "HU, ALEXANDER C:ahu1015"]
[Result "1-0"]
[ICCResult "Black resigns"]
[WhiteElo "2048"]
[BlackElo "2015"]
[Opening "Trompowsky attack (Ruth, Opocenský opening)"]
[ECO "A45"]
[NIC "QP.07"]
[Time "19:02:02"]
[PlyCount "35"]
[TimeControl "4500+10"]

1. d4 Nf6 2. Bg5 g6 3. Bxf6 exf6 4. e3 Bg7 5. g3 f5 6. Bg2 O-O 7. Ne2 c5 8.
O-O d6 9. c4 Nc6 10. Nbc3 Re8 11. Qd2 Rb8 12. Rad1 Qa5 13. a3 Qa6 14. Nb5
cxd4 15. Nc7 Qb6 16. Nxe8 Be5 17. exd4 Bh8 18. Nxd6 { Black resigns } 1-0

[Event "ICC tourney 2482 (75 10)"]
[Site "Internet Chess Club"]
[Date "2021.03.28"]
[Round "6"]
[White "LUO, TERRY:Terry1234"]
[Black "ZHOU, CHELSEA:pawnpush202044"]
[Result "0-1"]
[ICCResult "White resigns"]
[WhiteElo "2277"]
[BlackElo "1875"]
[Opening "Catalan: closed, 5.Nf3"]
[ECO "E06"]
[NIC "CA.05"]
[Time "19:04:12"]
[PlyCount "62"]
[TimeControl "4500+10"]

1. d4 d5 2. c4 e6 3. Nf3 Nf6 4. g3 Be7 5. Bg2 O-O 6. O-O dxc4 7. Qc2 a6 8.
a4 Bd7 9. Qxc4 Bc6 10. Bf4 Bd6 11. Qc1 Bxf4 12. Qxf4 Nbd7 13. a5 Re8 14.
Nc3 Nd5 15. Qd2 Nxc3 16. Qxc3 Qe7 17. Rfd1 Nf6 18. Rac1 Rad8 19. Ne5 Bxg2
20. Kxg2 c6 21. h4 Rd5 22. f3 Red8 23. e4 Rb5 24. Nd3 Nd7 25. b4 g5 26. Rh1
e5 27. dxe5 Nxe5 28. Nc5 gxh4 29. gxh4 Qf6 30. Kf2 Rxc5 31. bxc5 Rd3 {
White resigns } 0-1

[Event "ICC tourney 2482 (75 10)"]
[Site "Internet Chess Club"]
[Date "2021.03.28"]
[Round "6"]
[White "QUIRKE, JEFFREY L:PawnEatingZombi"]
[Black "MYSORE, ABHINAV NAVEEN:Mapking1"]
[Result "1/2-1/2"]
[ICCResult "Game drawn by mutual agreement"]
[WhiteElo "2200"]
[BlackElo "1979"]
[Opening "Grünfeld: modern exchange variation"]
[ECO "D85"]
[NIC "GI.04"]
[Time "19:02:02"]
[PlyCount "63"]
[TimeControl "4500+10"]

1. d4 Nf6 2. c4 g6 3. Nc3 d5 4. cxd5 Nxd5 5. e4 Nxc3 6. bxc3 Bg7 7. Nf3 O-O
8. Be2 c5 9. Be3 Nc6 10. O-O cxd4 11. cxd4 Bg4 12. d5 Ne5 13. Nxe5 Bxe2 14.
Qxe2 Bxe5 15. Rab1 Qd7 16. f4 Bg7 17. Rfd1 e5 18. dxe6 Qxe6 19. e5 b6 20.
Rd6 Qf5 21. Rbd1 Rac8 22. Qd3 Qxd3 23. R1xd3 Rc2 24. Rd2 Rxd2 25. Bxd2 Ra8
26. Kf1 Bf8 27. Rd7 Bc5 28. Ke2 a5 29. a4 Rc8 30. Rb7 Bg1 31. Kd3 Rd8+ 32.
Ke2 { Game drawn by mutual agreement } 1/2-1/2

[Event "ICC tourney 2482 (75 10)"]
[Site "Internet Chess Club"]
[Date "2021.03.28"]
[Round "6"]
[White "LIANG, YU-CHENG:Yucheng"]
[Black "ZHANG, DANIEL Y:dzchess01"]
[Result "1/2-1/2"]
[ICCResult "Game drawn by mutual agreement"]
[WhiteElo "1921"]
[BlackElo "1907"]
[Opening "Nimzo-Indian: Fischer variation"]
[ECO "E43"]
[NIC "NI.12"]
[Time "19:02:00"]
[PlyCount "57"]
[TimeControl "4500+10"]

1. d4 Nf6 2. c4 e6 3. Nc3 Bb4 4. e3 b6 5. Nf3 Bb7 6. Bd3 O-O 7. O-O Bxc3 8.
bxc3 Ne4 9. Ne1 f5 10. f3 Nf6 11. Qe2 d6 12. e4 fxe4 13. fxe4 e5 14. Nf3
Nbd7 15. Bg5 Qe8 16. Rae1 c5 17. d5 h6 18. Bc1 Nh5 19. g3 Ndf6 20. Nh4 Bc8
21. Nf5 Bxf5 22. Rxf5 g6 23. Rf3 Kh7 24. Ref1 Nd7 25. Rxf8 Nxf8 26. Qf3 g5
27. Qf5+ Qg6 28. Be2 Ng7 29. Qxg6+ { Game drawn by mutual agreement }
1/2-1/2

[Event "ICC tourney 2482 (75 10)"]
[Site "Internet Chess Club"]
[Date "2021.03.28"]
[Round "6"]
[White "SRINIAIYER, SUDARSHAN:Ambuli123"]
[Black "Kodarapu, Ishaan:pika0008"]
[Result "1-0"]
[ICCResult "Black resigns"]
[WhiteElo "2170"]
[BlackElo "1965"]
[Opening "QGD Slav: 3.Nf3"]
[ECO "D11"]
[NIC "SL.01"]
[Time "19:02:01"]
[PlyCount "69"]
[TimeControl "4500+10"]

1. d4 d5 2. c4 c6 3. Nf3 Nf6 4. Qc2 e6 5. Bg5 Be7 6. e3 O-O 7. Nc3 Nbd7 8.
Rd1 b6 9. Bd3 h6 10. Bh4 Bb7 11. O-O Ng4 12. Bg3 Re8 13. e4 Ngf6 14. cxd5
exd5 15. e5 Nh5 16. Ne2 Rc8 17. Bf5 Nxg3 18. fxg3 Rc7 19. e6 Nf8 20. exf7+
Kxf7 21. Bg6+ Nxg6 22. Ne5+ Kg8 23. Qxg6 Bg5 24. Rf7 Rxf7 25. Qxf7+ Kh7 26.
Qg6+ Kg8 27. Qf7+ Kh7 28. Qxb7 Be3+ 29. Kh1 Bxd4 30. Nxc6 Qf6 31. Ncxd4 Qf2
32. Qxd5 Rxe2 33. Nxe2 Qxe2 34. Qd3+ Qxd3 35. Rxd3 { Black resigns } 1-0

[Event "ICC tourney 2482 (75 10)"]
[Site "Internet Chess Club"]
[Date "2021.03.28"]
[Round "6"]
[White "LEE, ALICE TERESA:binomialfactor"]
[Black "JORAJURIA MENDOZA, ALGOL:AJM04"]
[Result "1-0"]
[ICCResult "Black resigns"]
[WhiteElo "2200"]
[BlackElo "2050"]
[Opening "QGD semi-Slav: 5...Nd7"]
[ECO "D45"]
[NIC "SL.08"]
[Time "19:02:02"]
[PlyCount "63"]
[TimeControl "4500+10"]

1. d4 d5 2. c4 c6 3. Nf3 Nf6 4. Nc3 e6 5. e3 Nbd7 6. Be2 dxc4 7. a4 Bb4 8.
Bxc4 Nd5 9. Qc2 O-O 10. O-O b6 11. e4 Nxc3 12. bxc3 Be7 13. Bf4 Bb7 14. Bd3
c5 15. a5 cxd4 16. cxd4 Rc8 17. Qe2 Nf6 18. axb6 axb6 19. Ra7 Bc6 20. Ne5
Be8 21. Nf3 Bc6 22. Rc1 Bd6 23. e5 Bb8 24. exf6 Bxf4 25. fxg7 Bxc1 26.
gxf8=Q+ Qxf8 27. Ne5 Be8 28. d5 Bh6 29. g3 Bg7 30. dxe6 fxe6 31. Qe4 Qf5
32. Rxg7+ { Black resigns } 1-0

[Event "ICC tourney 2482 (75 10)"]
[Site "Internet Chess Club"]
[Date "2021.03.28"]
[Round "6"]
[White "RAJANISH, ADHVAITH:Adhvaith0406"]
[Black "HU, MERRIC:edmehu"]
[Result "0-1"]
[ICCResult "White resigns"]
[WhiteElo "2036"]
[BlackElo "2227"]
[Opening "Sicilian: accelerated fianchetto, Maróczy bind"]
[ECO "B36"]
[NIC "SI.33"]
[Time "19:02:14"]
[PlyCount "114"]
[TimeControl "4500+10"]

1. e4 c5 2. Nf3 Nc6 3. d4 cxd4 4. Nxd4 g6 5. c4 Nf6 6. Nc3 d6 7. Be2 Nxd4
8. Qxd4 Bg7 9. Be3 O-O 10. Qd2 Be6 11. f3 a6 12. Rc1 Rc8 13. b3 Qa5 14. O-O
Nd7 15. Nd5 Qd8 16. Qb4 Bxd5 17. cxd5 b5 18. Rxc8 Qxc8 19. Rc1 Qb7 20. a4
Rb8 21. axb5 axb5 22. h3 f5 23. Rc6 fxe4 24. Qxe4 Nc5 25. Bxc5 dxc5 26.
Rxc5 Qa7 27. b4 Qa1+ 28. Kh2 Bd4 29. Rc1 Qxc1 30. Qxd4 Qc7+ 31. f4 Rf8 32.
Qe5 Qd6 33. Qxd6 exd6 34. Kg3 Kf7 35. Bxb5 Rb8 36. Bc6 Rxb4 37. Kf3 Kf6 38.
Bd7 g5 39. fxg5+ Kxg5 40. g3 Rb3+ 41. Kf2 Kf6 42. Be6 Ke5 43. h4 Ke4 44. g4
Rh3 45. h5 Kf4 46. Bf5 h6 47. Be6 Rg3 48. Bf5 Rxg4 49. Bxg4 Kxg4 50. Ke3
Kxh5 51. Kf4 Kg6 52. Kg4 Kf6 53. Kh5 Ke5 54. Kxh6 Kxd5 55. Kg5 Ke4 56. Kg4
d5 57. Kg3 Ke3 { White resigns } 0-1

[Event "ICC tourney 2482 (75 10)"]
[Site "Internet Chess Club"]
[Date "2021.03.28"]
[Round "6"]
[White "GAO, MATTHEW IAN:xcelswimmer"]
[Black "FENG, YANZHE:yanzhe"]
[Result "1/2-1/2"]
[ICCResult "Game drawn because neither player has mating material"]
[WhiteElo "1916"]
[BlackElo "1902"]
[Opening "QGD: exchange, positional line, 5...c6"]
[ECO "D35"]
[NIC "QO.16"]
[Time "19:02:02"]
[PlyCount "121"]
[TimeControl "4500+10"]

1. d4 d5 2. c4 e6 3. Nc3 Nf6 4. cxd5 exd5 5. Bg5 c6 6. e3 Be7 7. Bd3 O-O 8.
Nf3 Nbd7 9. O-O Re8 10. Qc2 h6 11. Bh4 Ne4 12. Bxe7 Qxe7 13. Rab1 f5 14. b4
a6 15. a4 Ndf6 16. b5 axb5 17. axb5 Nxc3 18. Qxc3 Ne4 19. Bxe4 fxe4 20. Ne5
c5 21. Ng6 Qf6 22. Nf4 cxd4 23. Qxd4 Qxd4 24. exd4 Be6 25. Rfc1 Kf7 26. Rc5
Red8 27. Rc7+ Rd7 28. Rbc1 Ra4 29. Nxd5 Rxd4 30. Rxd7+ Bxd7 31. Ne3 Rb4 32.
Kf1 Rxb5 33. Rc2 Bc6 34. Ke2 Ke6 35. h4 Ra5 36. g3 Ra8 37. Nc4 Rc8 38. Rb2
Ba4 39. Nd2 b5 40. Nxe4 Rc2+ 41. Rxc2 Bxc2 42. Nc3 b4 43. Kd2 b3 44. Na4
Ke5 45. Ke3 h5 46. f3 g6 47. g4 hxg4 48. fxg4 Bd1 49. h5 g5 50. Kd2 Bxg4
51. Nc5 Bxh5 52. Nxb3 Kf4 53. Nd4 g4 54. Ke2 Ke4 55. Ne6 g3+ 56. Kf1 Kf3
57. Ng5+ Ke3 58. Kg2 Kf4 59. Nh3+ Kg4 60. Nf2+ gxf2 61. Kxf2 { Game drawn
because neither player has mating material } 1/2-1/2

[Event "ICC tourney 2482 (75 10)"]
[Site "Internet Chess Club"]
[Date "2021.03.28"]
[Round "6"]
[White "SRIPADA, HAVISH:brilliantnessme"]
[Black "HO, COOPER:arsenicblast"]
[Result "1/2-1/2"]
[ICCResult "Game drawn by mutual agreement"]
[WhiteElo "2036"]
[BlackElo "1975"]
[Opening "Ruy Lopez: closed, Breyer, Borisenko variation"]
[ECO "C95"]
[NIC "RL.25"]
[Time "19:01:58"]
[PlyCount "109"]
[TimeControl "4500+10"]

1. e4 e5 2. Nf3 Nc6 3. Bb5 a6 4. Ba4 Nf6 5. O-O Be7 6. Re1 b5 7. Bb3 d6 8.
c3 O-O 9. h3 Nb8 10. d4 Nbd7 11. Nbd2 Bb7 12. Bc2 Re8 13. Nf1 Bf8 14. Ng3
g6 15. a4 c5 16. d5 c4 17. Be3 h6 18. Qd2 Kh7 19. b4 cxb3 20. Bxb3 Nc5 21.
Bxc5 dxc5 22. c4 b4 23. Qb2 Qd6 24. Re2 a5 25. Ne1 Nd7 26. Nd3 Bg7 27. h4
h5 28. Rae1 Qf6 29. Re3 Qxh4 30. Qe2 Qg5 31. Nxh5 gxh5 32. Rh3 Bh6 33. Rxh5
Qg6 34. f4 f6 35. f5 Qg7 36. Kf2 Rh8 37. Reh1 Kg8 38. Qf3 Kf7 39. Qh3 Rag8
40. g4 Qxg4 41. Qxg4 Rxg4 42. Rxh6 Rxh6 43. Rxh6 Kg7 44. Kf3 Rg1 45. Rh2
Rb1 46. Rb2 Ra1 47. Ra2 Rxa2 48. Bxa2 Kh6 49. Ke3 Kg7 50. Nc1 Nb6 51. Kd3
Nxa4 52. Nb3 Nb2+ 53. Kc2 Nxc4 54. Nxc5 Nd6 55. Kb3 { Game drawn by mutual
agreement } 1/2-1/2

[Event "ICC tourney 2482 (75 10)"]
[Site "Internet Chess Club"]
[Date "2021.03.28"]
[Round "6"]
[White "FANG, JADEN:SaltyCarrot777"]
[Black "Poliannikov, Danila:dopolian"]
[Result "1/2-1/2"]
[ICCResult "Game drawn because neither player has mating material"]
[WhiteElo "2002"]
[BlackElo "2266"]
[Opening "Giuoco Piano"]
[ECO "C54"]
[NIC "IG.02"]
[Time "19:01:56"]
[PlyCount "112"]
[TimeControl "4500+10"]

1. e4 e5 2. Nf3 Nc6 3. Bc4 Bc5 4. c3 Nf6 5. d4 exd4 6. cxd4 Bb4+ 7. Bd2
Bxd2+ 8. Nbxd2 d5 9. exd5 Nxd5 10. Qb3 Nce7 11. O-O O-O 12. Rfe1 Nb6 13.
Bd3 Ng6 14. a4 a5 15. Nc4 Nd5 16. Ne3 Nb4 17. Bc4 Qf6 18. Nd5 Nxd5 19. Bxd5
c6 20. Bc4 Bg4 21. Ne5 Nxe5 22. dxe5 Qe7 23. e6 Bxe6 24. Bxe6 fxe6 25. Rxe6
Qf7 26. Re3 Rad8 27. Qxf7+ Rxf7 28. Rae1 Rd2 29. R3e2 Rfd7 30. g3 Kf7 31.
Re5 Rxb2 32. Rxa5 g6 33. Rae5 Rbd2 34. h4 h5 35. R1e4 R2d4 36. Kg2 Rxe4 37.
Rxe4 Kf6 38. Kf3 Rd3+ 39. Kf4 Rb3 40. f3 c5 41. Rc4 b6 42. g4 Ke6 43. a5
Kd5 44. Ra4 bxa5 45. Rxa5 hxg4 46. fxg4 Rb6 47. h5 gxh5 48. gxh5 Kd4 49.
Kg5 c4 50. h6 c3 51. h7 Rb8 52. Ra2 Rh8 53. Kg6 Rxh7 54. Kxh7 Kd3 55. Kg6
c2 56. Rxc2 Kxc2 { Game drawn because neither player has mating material }
1/2-1/2

[Event "ICC tourney 2482 (75 10)"]
[Site "Internet Chess Club"]
[Date "2021.03.28"]
[Round "6"]
[White "WANG, RYAN R:ryanwang"]
[Black "KUDRIN, SERGEY:analyst1"]
[Result "0-1"]
[ICCResult "White resigns"]
[WhiteElo "1916"]
[BlackElo "2479"]
[Opening "Sicilian: Hungarian variation"]
[ECO "B27"]
[NIC "SI.43"]
[Time "19:02:10"]
[PlyCount "70"]
[TimeControl "4500+10"]

1. e4 c5 2. Nf3 g6 3. d4 cxd4 4. Nxd4 Nf6 5. Bd3 Bg7 6. O-O d6 7. c3 O-O 8.
Nd2 Nc6 9. h3 d5 10. Nxc6 bxc6 11. e5 Nd7 12. f4 Nc5 13. Be2 Qb6 14. Kh2
Ba6 15. Bxa6 Qxa6 16. Nf3 f6 17. Be3 Ne4 18. exf6 Bxf6 19. Bd4 Rab8 20. Qc1
c5 21. Bxf6 Rxf6 22. Nd2 Nd6 23. Nb3 Qb6 24. Rb1 Rbf8 25. Qe3 c4 26. Nd4
Ne4 27. Kg1 e5 28. fxe5 Rxf1+ 29. Rxf1 Rxf1+ 30. Kxf1 Qxb2 31. Ne2 Qa1+ 32.
Nc1 Qxc3 33. Qf4 g5 34. Qg4 Qxc1+ 35. Ke2 Qd2+ { White resigns } 0-1

[Event "ICC tourney 2482 (75 10)"]
[Site "Internet Chess Club"]
[Date "2021.03.28"]
[Round "6"]
[White "SHEEHAN, ETHAN THOMAS:Chessking2008"]
[Black "IVANOV, ALEXANDER:marble"]
[Result "1-0"]
[ICCResult "Black forfeits on time"]
[WhiteElo "2196"]
[BlackElo "2506"]
[Opening "English opening"]
[ECO "A10"]
[NIC "EO.64"]
[Time "19:01:56"]
[PlyCount "139"]
[TimeControl "4500+10"]

1. c4 g6 2. Nf3 Bg7 3. e4 c5 4. d4 Qb6 5. dxc5 Qxc5 6. Be2 d6 7. O-O Nc6 8.
Be3 Qa5 9. Nd4 Nf6 10. Nc3 O-O 11. Nb3 Qd8 12. Qd2 b6 13. f3 Bb7 14. Rac1
Re8 15. Rfd1 Nd7 16. Nd4 Nce5 17. b3 Qb8 18. Nd5 a6 19. b4 e6 20. Nc3 Rc8
21. Nb1 Nf6 22. Nb3 Bf8 23. Qb2 Ned7 24. Nc3 d5 25. cxd5 exd5 26. Nxd5 Nxd5
27. exd5 Rxc1 28. Nxc1 Bd6 29. h3 Qd8 30. Nd3 Qe7 31. Bd4 Bxd5 32. Nf2 Bc6
33. Bc4 b5 34. Bb3 Ne5 35. f4 Nc4 36. Bxc4 bxc4 37. Bh8 f6 38. Bxf6 Qe6 39.
Be5 Be7 40. Qc3 h5 41. Rd4 Bb5 42. Ne4 Rd8 43. Rxd8+ Bxd8 44. Kh2 Be7 45.
a3 Bc6 46. Nd2 Bd5 47. Nf1 Be4 48. Ne3 Bd3 49. Qd4 Kf7 50. Nd5 Bf8 51. Qa7+
Be7 52. Nxe7 Qxe7 53. Qxa6 Qe6 54. Qb7+ Qe7 55. Qd5+ Qe6 56. Qd4 Qc6 57.
Kg1 Bf5 58. Kf2 Be6 59. Qa7+ Ke8 60. Bc3 Qe4 61. Qe3 Qxe3+ 62. Kxe3 Bd5 63.
g4 Bg2 64. gxh5 gxh5 65. h4 Kd7 66. Kd4 Bf1 67. Ke5 Bd3 68. b5 Bc2 69. Kd5
Bd3 70. a4 { Black forfeits on time } 1-0

[Event "ICC tourney 2482 (75 10)"]
[Site "Internet Chess Club"]
[Date "2021.03.28"]
[Round "6"]
[White "CHEN, JUSTIN:justinchess"]
[Black "Vittal, Sanjana:MCTS13"]
[Result "1-0"]
[ICCResult "Black resigns"]
[WhiteElo "2370"]
[BlackElo "2196"]
[Opening "QGD: Ragozin variation"]
[ECO "D38"]
[NIC "NI.27"]
[Time "19:02:05"]
[PlyCount "103"]
[TimeControl "4500+10"]

1. Nf3 d5 2. c4 e6 3. d4 Nf6 4. Nc3 Bb4 5. Qb3 c5 6. dxc5 Nc6 7. Bg5 h6 8.
Bxf6 Qxf6 9. e3 O-O 10. Be2 dxc4 11. Qxc4 Qe7 12. a3 Bxc5 13. Rc1 Bb6 14.
O-O Bd7 15. b4 Rac8 16. Qb3 Rfd8 17. Na4 Bc7 18. Nc5 Be8 19. Nxb7 Bxh2+ 20.
Kxh2 Qxb7 21. Kg1 Ne7 22. Nd4 Rxc1 23. Rxc1 Rc8 24. Rc4 e5 25. Nf3 Nc6 26.
Rc5 Qb8 27. Qc3 f6 28. Ba6 Rd8 29. Rxc6 Bxc6 30. Qxc6 Rd1+ 31. Bf1 Qd8 32.
Qc4+ Kh8 33. Nh4 Ra1 34. Kh2 g5 35. Nf5 Qd7 36. Bd3 Rxa3 37. Nxh6 Qe8 38.
Nf5 Qd7 39. Be4 Ra1 40. Kg3 Rh1 41. Qc5 Qd8 42. Qxa7 Rh7 43. Qa6 g4 44. b5
Qf8 45. b6 Rf7 46. Qa8 Qxa8 47. Bxa8 Rf8 48. b7 Kh7 49. Ne7 f5 50. Nc8 f4+
51. exf4 exf4+ 52. Kxg4 { Black resigns } 1-0

[Event "ICC tourney 2482 (75 10)"]
[Site "Internet Chess Club"]
[Date "2021.03.28"]
[Round "6"]
[White "MOU, IRIS:MagicStar"]
[Black "XUE, JERRY Q:JQX2019"]
[Result "1/2-1/2"]
[ICCResult "Game drawn by repetition"]
[WhiteElo "2008"]
[BlackElo "1935"]
[Opening "Sicilian: Canal-Sokolsky attack, Bronstein gambit"]
[ECO "B52"]
[NIC "SI.01"]
[Time "19:02:06"]
[PlyCount "139"]
[TimeControl "4500+10"]

1. e4 c5 2. Nf3 d6 3. Bb5+ Bd7 4. Bxd7+ Qxd7 5. O-O Nc6 6. c3 Nf6 7. d4
cxd4 8. cxd4 d5 9. e5 Ne4 10. Be3 e6 11. Ne1 f6 12. f3 Ng5 13. Nd2 Nf7 14.
f4 Be7 15. Nd3 O-O 16. Rc1 b6 17. Nf3 Rac8 18. Qd2 Na5 19. b3 Kh8 20. Kh1
Rxc1 21. Rxc1 Rc8 22. Rc3 Rxc3 23. Qxc3 Qc6 24. Bd2 Qxc3 25. Bxc3 Nc6 26.
Nd2 a5 27. Nf1 f5 28. Ne3 h5 29. h3 g6 30. Nc2 Nfd8 31. Kg1 Nb7 32. Kf2 Kg7
33. Ke3 Kf7 34. Kd2 Ke8 35. Kc1 Kd7 36. Kb2 Na7 37. Nde1 Nb5 38. Bd2 Nd8
39. Nf3 Nc6 40. Be1 Ke8 41. Kc1 Na3 42. Ne3 Nb5 43. Nc2 Na3 44. Nxa3 Bxa3+
45. Kb1 Bb4 46. Bf2 Bc3 47. Kc2 Bb4 48. Kd3 Be7 49. Be1 Nb4+ 50. Bxb4 Bxb4
51. Nd2 Bxd2 52. Kxd2 b5 53. Ke3 h4 54. Kf3 Kf7 55. g3 hxg3 56. Kxg3 Kg7
57. Kh4 Kh6 58. a3 b4 59. a4 g5+ 60. fxg5+ Kg6 61. Kg3 Kxg5 62. Kf3 Kh4 63.
Kg2 f4 64. Kf3 Kxh3 65. Kxf4 Kh4 66. Kf3 Kh3 67. Kf4 Kh4 68. Kf3 Kh5 69.
Kf4 Kh4 70. Kf3 { Game drawn by repetition } 1/2-1/2

[Event "ICC tourney 2482 (75 10)"]
[Site "Internet Chess Club"]
[Date "2021.03.28"]
[Round "6"]
[White "TANG, AUSTIN:Mrpeetapizza"]
[Black "WISNIOWSKI, NATALIE:canary2016"]
[Result "1-0"]
[ICCResult "Black checkmated"]
[WhiteElo "1874"]
[BlackElo "1956"]
[Opening "Caro-Kann: two knights, 3...Bg4"]
[ECO "B11"]
[NIC "CK.01"]
[Time "19:02:01"]
[PlyCount "109"]
[TimeControl "4500+10"]

1. e4 c6 2. Nc3 d5 3. Nf3 Bg4 4. exd5 cxd5 5. d4 Nf6 6. h3 Bh5 7. Be2 e6 8.
O-O Be7 9. Bf4 O-O 10. Ne5 Bxe2 11. Nxe2 Nc6 12. c3 Ne4 13. Ng3 Nxg3 14.
fxg3 Bd6 15. Nd3 Rc8 16. Qg4 Ne7 17. Rae1 Ng6 18. Bxd6 Qxd6 19. h4 h6 20.
Rxf7 Rxf7 21. Qxg6 Rf6 22. Qg4 Re8 23. Nf4 b5 24. Re5 Re7 25. Qe2 Rb7 26.
Nxe6 Re7 27. Nf4 Rxe5 28. dxe5 Qc5+ 29. Kh2 Rf7 30. e6 Re7 31. Qe5 Qc6 32.
Qb8+ Qe8 33. Qd6 g5 34. Nxd5 Rxe6 35. Nf6+ Rxf6 36. Qxf6 gxh4 37. gxh4 Kh7
38. Qf5+ Kg7 39. h5 Qb8+ 40. g3 Qb6 41. Qg6+ Qxg6 42. hxg6 Kxg6 43. Kg2 Kf5
44. Kf3 h5 45. b3 Ke5 46. Ke3 Kf5 47. c4 bxc4 48. bxc4 Kg4 49. c5 Kxg3 50.
c6 h4 51. c7 h3 52. c8=Q Kg2 53. Qg8+ Kh2 54. Kf2 Kh1 55. Qg1# { Black
checkmated } 1-0